 Dungeon Sprint DCSS version 0.23-a0-54-gae6112e (webtiles) character file.

20440 Mgcat the Eclecticist (level 12, -9/75 HPs)
             Began as a Deep Elf Fire Elementalist on Aug 8, 2018.
             Was the Champion of Vehumet.
             Mangled by Agnes
             ... wielding a +4 lajatang of protection
              (29 damage)
             ... in the Dungeon (Sprint IX: "|||||||||||||||||||||||||||||").
             The game lasted 00:24:19 (4956 turns).

Mgcat the Eclecticist (Deep Elf Fire Elementalist)  Turns: 4956, Time: 00:24:19

Health: -9/75      AC:  9    Str:  6    XL:     12   Next: 45%
Magic:  15/33      EV: 23    Int: 25    God:    Vehumet [******]
Gold:   1939       SH:  0    Dex: 18    Spells: 3/42 levels left

rFire    + . .     SeeInvis .   F - +4 spear of Crusades {freeze, rN+ MR+}
rCold    . . .     Gourm    .   (no shield)
rNeg     + + .     Faith    .   a - +0 leather armour {rN+}
rPois    .         Spirit   .   B - +1 helmet
rElec    .         Reflect  .   C - +1 cloak
rCorr    .         Harm     .   w - +0 pair of gloves
MR       ++...     NoTele   +   o - +0 pair of boots
Stlth    +++++.....             (no amulet)
HPRegen  0.22/turn              p - +3 ring of dexterity
MPRegen  0.23/turn              z - ring of protection from fire {rF+, !d}

@: no status effects
A: no striking features
a: Renounce Religion


You were in the Dungeon.
You worshipped Vehumet.
Vehumet was exalted by your worship.
You were near starving.

You visited 1 branch You collected 1939 gold pieces.

Inventory:

Hand Weapons
 F - the +4 spear of Crusades (weapon) {freeze, rN+ MR+}
   (You found it in the Dungeon)

   It has been specially enchanted to freeze those struck by it, causing extra
   injury to most foes and up to half again as much damage against particularly
   susceptible opponents.
   It can also slow down cold-blooded creatures.
   It protects you from negative energy.
   It affects your resistance to hostile enchantments.
Missiles
 u - 23 stones (quivered)
Armour
 a - a +0 leather armour of positive energy (worn)
   (You took it off an orc in the Dungeon)
 o - a +0 pair of boots (worn)
   (You found it in the Dungeon)
 r - a +0 robe
 w - a +0 pair of gloves (worn)
   (You found it in the Dungeon)
 B - a +1 helmet (worn)
   (You found it in the Dungeon)
 C - a +1 cloak (worn)
   (You found it in the Dungeon)
Magical Staves
 b - an uncursed staff of energy {+MP, hungerless spells, !d!a@w1}
   (You found it in the Dungeon)
Jewellery
 p - a +3 ring of dexterity (left hand)
   (You found it in the Dungeon)
 q - a +3 ring of dexterity
   (You found it in the Dungeon)
 y - an uncursed ring of protection from cold {rC+, !d}
   (You found it in the Dungeon)
 z - a ring of protection from fire (right hand) {rF+, !d}
   (You found it in the Dungeon)
 A - an uncursed ring of protection from fire {rF+, !d}
   (You found it in the Dungeon)
Wands
 m - a wand of acid (9)
   (You found it in the Dungeon)
 s - a wand of polymorph (17)
   (You took it off Maurice in the Dungeon)
Scrolls
 g - 2 scrolls of identify
 j - 3 scrolls of remove curse
 k - a scroll of amnesia
 t - 5 scrolls of fog
 E - a scroll of fear
Potions
 d - 6 potions of curing
 e - 3 potions of heal wounds
 f - a potion of invisibility
 h - 3 potions of berserk rage {!q}
 l - 3 potions of brilliance
 D - a potion of might
Comestibles
 c - 10 rations


   Skills:
 + Level 8.8 Fighting
 - Level 15.4 Dodging
 - Level 11.5 Stealth
 + Level 15.8 Spellcasting
 + Level 14.3 Conjurations
 + Level 14.7 Fire Magic
 + Level 5.4 Ice Magic
 - Level 11.2 Earth Magic
 + Level 2.0 Poison Magic
 - Level 10.0 Evocations


You had 3 spell levels left.
You knew the following spells:

 Your Spells              Type           Power        Failure   Level  Hunger
a - Bolt of Fire          Conj/Fire      #######...   1%          6    ####...
b - Throw Flame           Conj/Fire      ######       0%          2    None
c - Conjure Flame         Conj/Fire      #######.     1%          3    None
d - Sticky Flame          Conj/Fire      #######.     1%          4    None
e - Fireball              Conj/Fire      #######...   1%          5    #......
f - Sandblast             Erth           ######       1%          1    None
g - Bolt of Cold          Conj/Ice       ######....   3%          6    ####...
h - Iron Shot             Conj/Erth      ######....   1%          6    ####...
i - Poison Arrow          Conj/Pois      ######....   6%          6    ####...

Your spell library contained the following spells:

 Spells                   Type           Power        Failure   Level  Hunger
 Flame Tongue             Conj/Fire      #####        0%          1    None
 Inner Flame              Hex/Fire       ######..     1%          3    None


Dungeon Overview and Level Annotations

Branches:
Dungeon (1/1)

Altars:
Cheibriados
Dithmenos
Elyvilon
Fedhas
Gozag
Hepliaklqana
Kikubaaqudgha
Makhleb
Nemelex Xobeh
Okawaru
Qazlal
Ru
Sif Muna
Trog
Uskayaw
Vehumet
Wu Jian
Xom
Yredelemnul
Zin
The Shining One
Beogh
Jiyva
Lugonu

Shops:
D }*:(

Annotations:
D Agnes, Rupert


Message History

You feel your power returning.
Training target 10.0 for Evocations reached!
Your Poison Magic skill increases to level 2!
Your Evocations skill increases to level 10!
HP restored.
There is an open door here.
You see here an uncursed ring of poison resistance {rPois, !d}.
Things that are here:
a +0 helmet; a +0 cloak; a +2 halberd of venom
Things that are here:
an arbalest; 18 bolts; a +1 great sword You see here a +1 lajatang.
You see here a +1 battleaxe.
You see here a +0 great sword.
You see here a large rock {!d}.
You see here a +1 lajatang.
You see here a +1 glaive.
You see here a +1 great sword.
You see here a +3 chain mail.
You see here a +3 chain mail.
You see here a +1 plate armour of cold resistance.
You see here a cursed +0 chain mail.
You see here a +1 helmet.
You see here a +1 helmet.
You see here +0 fire dragon scales.
You see here 2 arrows.
You see here an arrow.
There is an open door to the Dungeon here.
Key pressed, stopping explore.
Unknown command.
Things that are here:
a shortbow; 9 arrows You see here a scimitar of flaming.
Things that are here:
a shortbow; 20 arrows You are near starving!
You open the door.
There is an open door here.
Key pressed, stopping explore.
Unknown command.
Marking area around Agnes as unsafe for travelling.
Agnes the Wanderer comes into view.
She is wielding a lajatang of protection.
Agnes shouts!
Unknown command.
Unknown command.
Unknown command.
Unknown command.
Unknown command.
Press: ? - help, v - describe, . - travel
Here: Agnes, wielding a lajatang of protection and wearing a robe The floor.
Unknown command.
Unknown command.
Casting: Poison Arrow (slightly dangerous; 6% risk of failure)
Confirm with . or Enter, or press ? or * to list all spells.
Aiming: Poison Arrow (slightly dangerous; 6% risk of failure)
Press: ? - help, Shift-Dir - straight line, f - Agnes
Aim: Agnes, wielding a lajatang of protection and wearing a robe The poison arrow hits Agnes.
Agnes looks as sick as possible!
Agnes is moderately wounded.
Casting: Poison Arrow (slightly dangerous; 6% risk of failure)
Confirm with . or Enter, or press ? or * to list all spells.
Aiming: Conjure Flame (safe; 1% risk of failure)
Press: ? - help, Dir - move target cursor, p - Agnes The fire ignites!
Agnes is engulfed in blazing flames.
Casting: Conjure Flame (safe; 1% risk of failure)
Confirm with . or Enter, or press ? or * to list all spells.
Aiming: Sticky Flame (safe; 1% risk of failure)
Press: ? - help, Shift-Dir - straight line, f - Agnes
Aim: Agnes, wielding a lajatang of protection and wearing a robe (moderately wounded, poisoned)
The sticky flame hits Agnes.
Agnes is heavily wounded.
Agnes is covered in liquid flames!
Agnes burns!
Agnes hits you with a lajatang of protection!!
Rupert the Wild comes into view.
He is wielding an executioner's axe of electrocution.
Unknown command.
Unknown command.
Unknown command.
Unknown command.
Unknown command.
Unknown command.
Unknown command.
Unknown command.
Okay, then.
Unknown command.
Unknown command.
Unknown command.
Casting: Sticky Flame (safe; 1% risk of failure)
Confirm with . or Enter, or press ? or * to list all spells.
Aiming: Iron Shot (safe; 1% risk of failure)
Press: ? - help, Shift-Dir - straight line, f/p - Agnes
Aim: Agnes, wielding a lajatang of protection and wearing a robe (heavily wounded, poisoned, covered in liquid flames)
The iron shot hits Agnes.
Agnes is almost dead.
Rupert shouts!
Agnes burns!
Agnes hits you with a lajatang of protection!!
* * * LOW HITPOINT WARNING * * *
Agnes hits you with a lajatang of protection!!
You die...

▓[▓.▓)▓.▓.▓.▓_▓
▓.▓[▓.▓)▓.▓'▓.▓_▓
▓@▓.▓.▓.▓.▓.▓.▓_▓
▓.▓[▓.▓.▓.▓.▓.▓_▓
▓.▓.▓.▓.▓.▓.▓.▓_▓
▓.▓.▓.▓.▓.▓.▓.▓_▓
▓§▓(▓.▓.▓.▓.▓.▓_▓
▓i▓.▓.▓.▓.▓.▓.▓_▓
▓@▓.▓.▓)▓.▓.▓.▓_▓
▓.▓(▓.▓)▓.▓.▓.▓_▓
▓.▓.▓.▓)▓.▓.▓.▓_▓
▓.▓.▓.▓.▓.▓'▓.▓'▓
▓.▓'▓.▓.▓.▓.▓.▓.▓
▓.▓)▓.▓)▓.▓.▓.▓.▓
▓.▓.▓.▓)▓.▓.▓.▓.▓
▓.▓)▓.▓.▓.▓.▓.▓)▓
▓.▓)▓.▓∩▓.▓.▓.▓.▓


You could see Rupert and Agnes (burning).

Vanquished Creatures
  2 stone giants (D)
  2 fire dragons (D)
  A rakshasa (D)
  A centaur warrior (D)
  2 two-headed ogres (D)
  7 orc high priests (D)
  Urug (D)
  3 orc knights (D)
  2 ugly things (D)
  Maurice (D)
  4 spiny frogs (D)
  A yaktaur (D)
  An efreet (D)
  A troll (D)
  3 polar bears (D)
  A hippogriff (D)
  4 wyverns (D)
  A basilisk (shapeshifter) (D)
  A vampire mosquito (D)
  2 water moccasins (D)
  4 porcupines (D)
  10 orc warriors (D)
  A sky beast (D)
  5 black bears (D)
  2 phantoms (D)
  A centaur (D)
  4 crocodiles (D)
  A howler monkey (D)
  A crimson imp (D)
  A jelly (D)
  3 orc wizards (D)
  9 orc priests (D)
  2 iguanas (D)
  An adder (D)
  An ooze (D)
  6 orcs (D)
  A bat (D)
  A bat zombie (D)
  2 giant cockroaches (D)
  A hobgoblin (D)
  A ball python skeleton (D)
  2 frilled lizards (D)
  A quokka zombie (D)
102 creatures vanquished.

Vanquished Creatures (others)
  A fire dragon (D)
1 creature vanquished.

Grand Total: 103 creatures vanquished

Notes
Turn   | Place    | Note
-------+----------+-------------------------------------------
     0 | D        | Mgcat the Deep Elf Fire Elementalist began the quest for the Orb.
     0 | D        | Reached XP level 1. HP: 10/10 MP: 6/6
    17 | D        | Reached skill level 3 in Dodging
    17 | D        | Reached skill level 3 in Stealth
    24 | D        | HP: 2/10 [bat (1)]
   276 | D        | Noticed a phantom
   276 | D        | Noticed a phantom
   276 | D        | Noticed an iguana
   277 | D        | HP: 2/10 [phantom (8)]
   303 | D        | Killed a phantom
   303 | D        | Reached skill level 5 in Dodging
   303 | D        | Reached skill level 5 in Stealth
   303 | D        | Reached skill level 5 in Spellcasting
   303 | D        | Reached skill level 4 in Conjurations
   303 | D        | Reached skill level 5 in Fire Magic
   303 | D        | Reached XP level 2. HP: 5/15 MP: 0/10
   303 | D        | Reached XP level 3. HP: 7/19 MP: 0/12
   303 | D        | Reached XP level 4. HP: 9/24 MP: 0/13
   308 | D        | Killed a phantom
   308 | D        | Reached skill level 6 in Dodging
   308 | D        | Reached skill level 6 in Stealth
   308 | D        | Reached skill level 6 in Spellcasting
   308 | D        | Reached skill level 5 in Conjurations
   308 | D        | Reached skill level 6 in Fire Magic
   308 | D        | Reached XP level 5. HP: 10/28 MP: 11/16
   314 | D        | Learned a level 2 spell: Throw Flame
   318 | D        | Learned a level 3 spell: Conjure Flame
   323 | D        | Learned a level 4 spell: Sticky Flame
   329 | D        | Learned a level 5 spell: Fireball
   516 | D        | Reached skill level 7 in Spellcasting
   588 | D        | Reached skill level 7 in Stealth
   614 | D        | Found a roughly hewn altar of Beogh.
   614 | D        | Found a snail-covered altar of Cheibriados.
   614 | D        | Found a shadowy altar of Dithmenos.
   614 | D        | Found a white marble altar of Elyvilon.
   614 | D        | Found a blossoming altar of Fedhas.
   614 | D        | Found an opulent altar of Gozag.
   615 | D        | Found a hazy altar of Hepliaklqana.
   616 | D        | Found a viscous altar of Jiyva.
   617 | D        | Found an ancient bone altar of Kikubaaqudgha.
   618 | D        | Found a corrupted altar of Lugonu.
   619 | D        | Found a burning altar of Makhleb.
   620 | D        | Found a sparkling altar of Nemelex Xobeh.
   621 | D        | Found an iron altar of Okawaru.
   622 | D        | Found a stormy altar of Qazlal.
   623 | D        | Found a sacrificial altar of Ru.
   624 | D        | Found a deep blue altar of Sif Muna.
   625 | D        | Found a bloodstained altar of Trog.
   626 | D        | Found a hide-covered altar of Uskayaw.
   627 | D        | Found a radiant altar of Vehumet.
   628 | D        | Found an ornate altar of the Wu Jian Council.
   629 | D        | Found a shimmering altar of Xom.
   630 | D        | Found a basalt altar of Yredelemnul.
   631 | D        | Found a glowing silver altar of Zin.
   632 | D        | Found a glowing golden altar of the Shining One.
   635 | D        | Became a worshipper of Vehumet
   687 | D        | Noticed a two-headed ogre
   687 | D        | Noticed a troll
   687 | D        | Noticed a two-headed ogre
   693 | D        | Reached * piety under Vehumet
   693 | D        | Offered knowledge of Sandblast by Vehumet.
   709 | D        | Killed a two-headed ogre
   709 | D        | Reached skill level 9 in Dodging
   709 | D        | Reached skill level 10 in Stealth
   709 | D        | Reached skill level 10 in Spellcasting
   709 | D        | Reached skill level 8 in Conjurations
   709 | D        | Reached skill level 9 in Fire Magic
   709 | D        | Reached XP level 6. HP: 32/32 MP: 8/21
   709 | D        | Reached XP level 7. HP: 36/36 MP: 8/22
   720 | D        | Killed a troll
   720 | D        | Reached XP level 8. HP: 41/41 MP: 13/24
   725 | D        | Killed a two-headed ogre
   725 | D        | Reached ** piety under Vehumet
   725 | D        | Reached skill level 10 in Dodging
   725 | D        | Reached skill level 11 in Stealth
   725 | D        | Reached skill level 11 in Spellcasting
   725 | D        | Reached skill level 9 in Conjurations
   725 | D        | Reached skill level 10 in Fire Magic
   843 | D        | Learned a level 1 spell: Sandblast
   850 | D        | Noticed a red ugly thing
   855 | D        | Offered knowledge of Shock by Vehumet.
   855 | D        | Reached skill level 1 in Earth Magic
   861 | D        | HP: 8/42 [red ugly thing (14)]
   877 | D        | Reached skill level 1 in Fighting
   877 | D        | Reached skill level 11 in Dodging
   877 | D        | Reached skill level 10 in Conjurations
   877 | D        | Reached skill level 2 in Earth Magic
   877 | D        | Reached XP level 9. HP: 46/47 MP: 11/26
   881 | D        | Killed a cyan ugly thing
   881 | D        | Reached *** piety under Vehumet
   881 | D        | Reached skill level 2 in Fighting
   881 | D        | Reached skill level 12 in Spellcasting
   881 | D        | Reached skill level 3 in Earth Magic
  1045 | D        | Offered knowledge of Dazzling Spray by Vehumet.
  1134 | D        | Noticed Urug
  1147 | D        | Killed Urug
  1147 | D        | Reached skill level 3 in Fighting
  1147 | D        | Reached skill level 11 in Fire Magic
  1147 | D        | Reached skill level 4 in Earth Magic
  1287 | D        | Noticed a spiny frog
  1287 | D        | Noticed a spiny frog
  1294 | D        | Killed a spiny frog
  1294 | D        | Reached **** piety under Vehumet
  1294 | D        | Offered knowledge of Ignite Poison by Vehumet.
  1294 | D        | Reached skill level 5 in Earth Magic
  1297 | D        | Killed a spiny frog
  1297 | D        | Reached skill level 12 in Dodging
  1297 | D        | Reached skill level 13 in Spellcasting
  1297 | D        | Reached skill level 11 in Conjurations
  1299 | D        | Reached ***** piety under Vehumet
  1299 | D        | Reached skill level 4 in Fighting
  1300 | D        | Reached XP level 10. HP: 57/57 MP: 3/29
  1350 | D        | Reached skill level 6 in Earth Magic
  1351 | D        | Reached skill level 1 in Evocations
  1420 | D        | Noticed a spiny frog
  1425 | D        | Reached skill level 2 in Evocations
  1426 | D        | Noticed a spiny frog
  1430 | D        | Killed a spiny frog
  1430 | D        | Reached ****** piety under Vehumet
  1430 | D        | Reached skill level 12 in Fire Magic
  1434 | D        | Reached skill level 3 in Evocations
  1444 | D        | Offered knowledge of Lightning Bolt by Vehumet.
  1445 | D        | Killed a spiny frog
  1445 | D        | Reached skill level 5 in Fighting
  1445 | D        | Reached skill level 7 in Earth Magic
  1554 | D        | Reached skill level 14 in Spellcasting
  1555 | D        | Reached skill level 4 in Evocations
  1589 | D        | Offered knowledge of Yara's Violent Unravelling by Vehumet.
  1589 | D        | Reached skill level 13 in Dodging
  1589 | D        | Reached skill level 12 in Conjurations
  2090 | D        | Noticed Maurice
  2093 | D        | Killed Maurice
  2233 | D        | Noticed a stone giant
  2235 | D        | Offered knowledge of Throw Icicle by Vehumet.
  2238 | D        | HP: 8/60 [stone giant/large rock (37)]
  2239 | D        | Reached skill level 8 in Earth Magic
  2241 | D        | Reached skill level 5 in Evocations
  2242 | D        | Killed a stone giant
  2242 | D        | Reached skill level 6 in Fighting
  2242 | D        | Reached XP level 11. HP: 34/64 MP: 7/31
  2500 | D        | Offered knowledge of Bolt of Fire by Vehumet.
  2508 | D        | Learned a level 6 spell: Bolt of Fire
  2534 | D        | Noticed an orc knight
  2534 | D        | Noticed an orc knight
  2540 | D        | Killed an orc knight
  2540 | D        | Reached skill level 6 in Evocations
  2540 | D        | Reached skill level 13 in Fire Magic
  2541 | D        | Noticed an orc knight
  2570 | D        | Killed an orc knight
  2571 | D        | Reached skill level 9 in Earth Magic
  2573 | D        | Noticed an orc high priest
  2580 | D        | Killed an orc knight
  2581 | D        | Killed an orc high priest
  2581 | D        | Offered knowledge of Orb of Destruction by Vehumet.
  2581 | D        | Reached skill level 7 in Fighting
  2581 | D        | Reached skill level 14 in Dodging
  2581 | D        | Reached skill level 13 in Conjurations
  2581 | D        | Reached skill level 7 in Evocations
  2866 | D        | Found Miss's Gadget Emporium.
  2867 | D        | Noticed an orc high priest
  2895 | D        | Killed an orc high priest
  2970 | D        | Found Ufauhog's General Store.
  2972 | D        | Noticed an orc high priest
  2976 | D        | Killed an orc high priest
  2977 | D        | Noticed an orc high priest
  2979 | D        | Killed an orc high priest
  2979 | D        | Offered knowledge of Bolt of Cold by Vehumet.
  2979 | D        | Reached skill level 10 in Earth Magic
  2979 | D        | Reached skill level 8 in Evocations
  2996 | D        | Learned a level 6 spell: Bolt of Cold
  3071 | D        | Noticed an orc high priest
  3074 | D        | Killed an orc high priest
  3074 | D        | Reached skill level 1 in Ice Magic
  3123 | D        | Noticed an orc high priest
  3257 | D        | Killed an orc high priest
  3257 | D        | Reached skill level 2 in Ice Magic
  3354 | D        | Noticed an orc high priest
  3360 | D        | Killed an orc high priest
  3360 | D        | Reached skill level 14 in Fire Magic
  3401 | D        | Found Jennutiu's Book Emporium.
  3426 | D        | Found Huud's Antique Weapon Shoppe.
  3601 | D        | Got the +4 spear of Crusades {freeze, rN+ MR+}
  3660 | D        | Noticed a green ugly thing
  3660 | D        | Noticed a centaur warrior
  3666 | D        | Killed a green ugly thing
  3666 | D        | Reached skill level 8 in Fighting
  3666 | D        | Reached skill level 15 in Spellcasting
  3667 | D        | Killed a centaur warrior
  3667 | D        | Reached skill level 3 in Ice Magic
  3667 | D        | Reached skill level 9 in Evocations
  3667 | D        | Reached XP level 12. HP: 70/73 MP: 19/33
  3668 | D        | Offered knowledge of Iron Shot by Vehumet.
  3668 | D        | Reached skill level 15 in Dodging
  3669 | D        | Noticed a rakshasa
  3721 | D        | Killed a rakshasa
  3843 | D        | Learned a level 6 spell: Iron Shot
  3913 | D        | Noticed a fire dragon
  3914 | D        | Noticed a fire dragon
  3915 | D        | Noticed a stone giant
  3937 | D        | Killed a fire dragon
  3937 | D        | Reached skill level 14 in Conjurations
  3937 | D        | Reached skill level 4 in Ice Magic
  3937 | D        | Reached skill level 11 in Earth Magic
  3938 | D        | Killed a fire dragon
  3986 | D        | HP: 9/75 [stone giant/large rock (39)]
  4317 | D        | Killed a stone giant
  4317 | D        | Offered knowledge of Poison Arrow by Vehumet.
  4317 | D        | Reached skill level 5 in Ice Magic
  4325 | D        | Learned a level 6 spell: Poison Arrow
  4438 | D        | Noticed a fire dragon
  4445 | D        | Killed a fire dragon
  4445 | D        | Reached skill level 1 in Poison Magic
  4804 | D        | Reached skill level 2 in Poison Magic
  4804 | D        | Reached skill level 10 in Evocations
  4952 | D        | Noticed Agnes
  4955 | D        | Noticed Rupert
  4956 | D        | Mangled by Agnes

Vault maps used:
D:        linesprint

Skill      XL: |  1  2  3  4  5  6  7  8  9 10 11 12 |
---------------+-------------------------------------+-----
Dodging        | 5 6 9 11 12 13 14 15 | 15.4
Stealth        | 5 6 10 11 | 11.5
Spellcasting   | 5 6 10 11 13 14 15 | 15.8
Conjurations   | 4 5 8 10 11 12 13 14 | 14.3
Fire Magic     | 5 6 9 10 11 12 14 | 14.7
Earth Magic    | 2 5 8 10 11 | 11.2
Fighting       | 1 4 6 8 |  8.8
Evocations     | 5 9 10 | 10.0
Ice Magic      | 3 5 |  5.4
Poison Magic   | 2 |  2.0

Action                   |  1- 3 |  4- 6 |  7- 9 | 10-12 || total
-------------------------+-------+-------+-------+-------++-------
Melee: Unarmed           |    10 |       |       |       ||    10
       Lajatang          |       |     1 |     9 |       ||    10
       Halberd           |       |       |       |     1 ||     1
       Spear             |       |       |       |     5 ||     5
 Cast: Flame Tongue      |    22 |    11 |     7 |       ||    40
       Throw Flame       |       |    13 |    18 |    28 ||    59
       Conjure Flame     |       |     1 |     8 |    22 ||    31
       Fireball          |       |     1 |     3 |    34 ||    38
       Sticky Flame      |       |       |    11 |     9 ||    20
       Bolt of Fire      |       |       |       |    42 ||    42
       Bolt of Cold      |       |       |       |    11 ||    11
       Iron Shot         |       |       |       |     4 ||     4
       Poison Arrow      |       |       |       |     3 ||     3
Evoke: Wand              |       |       |     1 |       ||     1
       Staff of energy   |       |       |       |    39 ||    39
  Use: Potion            |     3 |     2 |     3 |     1 ||     9
       Scroll            |       |       |     3 |     3 ||     6
  Eat: Chunk             |       |       |     1 |    11 ||    12
       Ration            |       |       |       |     2 ||     2
Armor: Robe              |     4 |       |     1 |     3 ||     8
Dodge: Dodged            |    16 |       |    31 |    35 ||    82

Table legend:
 A = Spawn XP
 B = Non-spawn XP
 C = Spawn XP percentage of total XP
 D = Spawn monster count
 E = Non-spawn monster count
 F = Spawn count percentage of total count
 G = Total turns spent on level
                    A         B        C        D         E        F      G
               +---------+---------+-------+---------+---------+-------+---------
         Total |       0 |   29201 |   0.0 |       0 |     103 |   0.0 |  4956
               +---------+---------+-------+---------+---------+-------+---------
             D |       0 |   29201 |   0.0 |       0 |     103 |   0.0 |  4956
               +---------+---------+-------+---------+---------+-------+---------

Vault maps used:
D:        linesprint

Table legend:
 A = Turns spent in this place as a percentage of turns spent in the entire game.
 B = Non-inter-level travel turns spent in this place as a percentage of non-inter-level travel turns spent in the entire game.
 C = Inter-level travel turns spent in this place as a percentage of turns spent in this place.
 D = Turns resting spent in this place as a percentage of non-inter-level travel turns spent in this place.
 E = Turns spent auto-exploring this place as a percentage of non-inter-level travel turns spent in this place.
 F = Non-inter-level travel turns spent in this place divided by the number of levels of this place that you've seen.
                   A       B       C       D       E      F
               +-------+-------+-------+-------+-------+----------------------
         Total | 100.0 | 100.0 |   5.8 |  28.8 |  46.5 | 4669.0
       Dungeon | 100.0 | 100.0 |   5.8 |  28.8 |  46.5 | 4669.0
               +-------+-------+-------+-------+-------+----------------------

Table legend:
 A = Kills in this place as a percentage of kills in entire the game.
 B = Kills by you in this place as a percentage of kills by you in the entire game.
 C = Kills by friends in this place as a percentage of kills by friends in the entire game.
 D = Other kills in this place as a percentage of other kills in the entire game.
 E = Experience gained in this place as a percentage of experience gained in the entire game.
 F = Experience gained in this place divided by the number of levels of this place that you have seen.
                   A       B       C       D       E      F
               +-------+-------+-------+-------+-------+----------------------
         Total | 100.0 | 100.0 |   N/A | 100.0 | 100.0 | 29201.0
       Dungeon | 100.0 | 100.0 |   N/A | 100.0 | 100.0 | 29201.0
               +-------+-------+-------+-------+-------+----------------------
